 Dungeon Crawl Stone Soup version 0.28.0-53-g5a82cb258f (webtiles) character file.

Game seed: 2076650015801656434

5 moldycheese5 the Grave Robber (level 1, -1/13 HPs)
             Began as a Demonspawn Necromancer on June 17, 2022.
             Slain by a jackal (2 damage)
             ... on level 1 of the Dungeon.
             The game lasted 00:00:28 (535 turns).

moldycheese5 the Grave Robber (DsNe)                 Turns: 535, Time: 00:00:28

Health: -1/13      AC:  2    Str:  8    XL:     1   Next: 66%
Magic:  1/3        EV: 12    Int: 16    God:
Gold:   44         SH:  0    Dex: 13    Spells: 3/4 levels left

rFire   . . .      SeeInvis .   (no weapon)
rCold   . . .      Faith    .   (no shield)
rNeg    . . .      Spirit   .   a - +0 robe
rPois   .          Reflect  .   (no helmet)
rElec   .          Harm     .   (no cloak)
rCorr   .          Rampage  .   (no gloves)
Will    .....                   (no boots)
Stlth   ++........              (no amulet)
HPRegen 0.04/turn               (no ring)
MPRegen 0.08/turn               (no ring)

@: no status effects
A: no striking features
a: no special abilities


You were on level 1 of the Dungeon.
You visited 1 branch of the dungeon, and saw 1 of its levels.

You collected 44 gold pieces.

Inventory:

Armour
 a - a +0 robe (worn)
Scrolls
 b - 2 scrolls of teleportation {unknown}
 c - a scroll of vulnerability {unknown}
 d - a scroll of magic mapping {unknown}
 e - a scroll of identify {unknown}


   Skills:
 + Level 1.7 Dodging
 + Level 1.7 Stealth
 + Level 2.0 Spellcasting
 + Level 4.7 Necromancy


You had 3 spell levels left.
You knew the following spells:

 Your Spells              Type           Power      Damage    Failure   Level
a - Pain                  Necr           64%        1d7       3%          1

Your spell library contained the following spells:

 Spells                   Type           Power      Damage    Failure   Level
 Animate Skeleton         Necr           32%        N/A       3%          1
 Vampiric Draining        Necr           16%        2d7       9%          3
 Animate Dead             Necr           8%         N/A       30%         4
 Agony                    Necr           16%        N/A       63%         5
 Freezing Cloud           Conj/Ice/Air   0%         6-21      99%         5
 Simulacrum               Ice/Necr       4%         N/A       100%        6
 Polar Vortex             Ice            0%         N/A       100%        9


Dungeon Overview and Level Annotations

Branches:
Dungeon (1/15)

Altars:


Message History

A jackal is nearby!
A jackal is nearby!
A jackal is nearby! 2 jackals come into view.
The jackal barks!
The jackal barely resists.
A jackal comes into view.
The jackal barks!
The jackal writhes in agony.
You kill the jackal!
The jackal barks!
The jackal writhes in agony.
You kill the jackal!
You are too depleted to draw on your mana recklessly!
You are too depleted to draw on your mana recklessly!
You are too depleted to draw on your mana recklessly!
You are too depleted to draw on your mana recklessly!
The jackal bites you. The jackal closely misses you.
You hit the jackal but do no damage. The jackal barely misses you. x2
You barely miss the jackal. The jackal closely misses you.
The jackal bites you.
You closely miss the jackal. The jackal bites you. The jackal misses you.
The jackal barely misses you.
The jackal bites you but does no damage.
You barely miss the jackal. The jackal bites you.
The jackal bites you but does no damage.
You hit the jackal but do no damage. The jackal closely misses you.
The jackal barely misses you. The jackal closely misses you.
The jackal barely misses you.
You barely miss the jackal.
The jackal bites you but does no damage.
The jackal bites you.
You miss the jackal. The jackal misses you. The jackal closely misses you.
You barely miss the jackal. The jackal misses you. The jackal bites you.
* * * LOW HITPOINT WARNING * * *
The jackal bites you but does no damage. x2
You barely miss the jackal. The jackal closely misses you.
The jackal barely misses you. The jackal bites you.
You die...

#......#####♣♣ ###
####........#...# #..
#.........#...#.###.#
#.........#####..##.#
#.........# ##.##.#
#.........# #..#..
#....###### ##.#.#
#.....# #...# #...@.#
##..# #..hh.# #.>#
###...# #### #...#
#†..# #...# #...#
#...# #...#


You could see 2 jackals.

Vanquished Creatures
  2 jackals (D:1)
  A ball python (D:1)
  A frilled lizard (D:1)
  A goblin (D:1)
  A rat (D:1)
6 creatures vanquished.

Notes
Turn   | Place    | Note
-------+----------+-------------------------------------------
     0 | D:1      | moldycheese5 the Demonspawn Necromancer began the quest for
                  | the Orb.
     0 | D:1      | Reached XP level 1. HP: 13/13 MP: 3/3
   279 | D:1      | Found a faded altar of an unknown god.
   535 | D:1      | Slain by a jackal

Illustrated notes

Levels and vault maps discovered:
D:1:      saegor_arrival_under_anarchy, layout_basic,
          hellmonk_ecumenical_altar_arch_garden, minmay_misc_feat_rugged

Action                   || total
-------------------------++-------
Melee: Unarmed           ||     9
 Cast: Pain              ||     9
Armor: Robe              ||     5
Dodge: Dodged            ||    18
